SNL (28 & UNDER)
WEST PALM REDS @ MEMPHIS BLUES
04/10/2023
 
TOP OF THE 1ST
West Palm Reds batting - Pitching for Memphis Blues : RHP Paul Lewis
Pitching: RHP Paul Lewis
Batting: RHB Lorenzo Guzmán 0-0: Ball
1-0: Ball
2-0: Ball
3-0: Base on Balls
Batting: LHB Jeff Doss 0-0: Ball
1-0: Called Strike
1-1: Ball
2-1: Fly out, F7 (Popup, 78S)
Batting: LHB Enrique Cortéz 0-0: Ball
Lorenzo Guzmán is caught stealing 2nd base
1-0: Ball
2-0: Fly out, F9 (Flyball, 9M)
Top of the 1st over - 0 run(s), 0 hit(s), 0 error(s), 0 left on base; West Palm 0 - Memphis 0
BOTTOM OF THE 1ST
Memphis Blues batting - Pitching for West Palm Reds : RHP Manabu Mizuno
Pitching: RHP Manabu Mizuno
Batting: RHB Jorge Fuentes 0-0: Ball
1-0: Called Strike
1-1: Ball
2-1: Foul Ball, location: 2F
2-2: Ground out U3 (Groundball, 3S)
Batting: RHB Dave Wookey 0-0: Called Strike
0-1: Called Strike
0-2: Foul Ball, location: 2F
0-2: Foul Ball, location: 2F
0-2: Fly out, F8 (Line Drive, 8LM)
Batting: RHB Michael Elliott 0-0: Swinging Strike
0-1: Foul Ball, location: 2F
0-2: Ball
1-2: DOUBLE (Flyball, 7D)
Batting: RHB Dave O'Neill 0-0: SINGLE (Line Drive, 6MD)
Michael Elliott to third
Runner from 3rd tries for Home, SAFE, no throw or cutoff
Batting: RHB Chase Mueller 0-0: Ball
1-0: Foul Ball, location: 2F
1-1: Called Strike
Dave O'Neill steals 2nd base
1-2: Ground out 4-3 (Groundball, 4)
Bottom of the 1st over - 1 run(s), 2 hit(s), 0 error(s), 1 left on base; West Palm 0 - Memphis 1
TOP OF THE 2ND
West Palm Reds batting - Pitching for Memphis Blues : RHP Paul Lewis
Batting: SHB Todd Smith 0-0: Ball
1-0: Ball
2-0: Ball
3-0: Base on Balls
Batting: RHB Jack Ray 0-0: Swinging Strike
0-1: Foul Ball, location: 2F
0-2: Strikes out swinging
Batting: RHB José Tamayo 0-0: DOUBLE (Flyball, 8RXD)
Todd Smith to third
Runner from 3rd tries for Home, SAFE, no throw or cutoff
Batting: LHB Bill Smith 0-0: Foul Ball, location: 2F
0-1: Swinging Strike
0-2: Strikes out swinging
Batting: LHB Bob Martin 0-0: Foul Ball, location: 2F
0-1: Swinging Strike
0-2: Ball
1-2: Ball
2-2: Strikes out swinging
Top of the 2nd over - 1 run(s), 1 hit(s), 0 error(s), 1 left on base; West Palm 1 - Memphis 1
BOTTOM OF THE 2ND
Memphis Blues batting - Pitching for West Palm Reds : RHP Manabu Mizuno
Batting: RHB Sadao Kato 0-0: Ball
1-0: Ball
2-0: Ball
3-0: Called Strike
3-1: Base on Balls
Batting: RHB Raúl Perales 0-0: Ball
1-0: Fly out, F4 (Popup, 4D)
Batting: RHB Glenn Johnson 0-0: Ball
1-0: Called Strike
1-1: Swinging Strike
1-2: Fielders Choice at 2nd, 1-6 (Groundball, 15)
Batting: RHB Dale O'Feennaghty 0-0: Ball
1-0: Swinging Strike
1-1: Swinging Strike
1-2: Foul Ball, location: 2F
1-2: Strikes out swinging
Bottom of the 2nd over - 0 run(s), 0 hit(s), 0 error(s), 1 left on base; West Palm 1 - Memphis 1
TOP OF THE 3RD
West Palm Reds batting - Pitching for Memphis Blues : RHP Paul Lewis
Batting: RHB Alejandro Martínez 0-0: Fly out, F9 (Flyball, 9LM)
Batting: RHB Lorenzo Guzmán 0-0: Called Strike
0-1: Called Strike
Single, Error in OF, E7, batter to second base
Batting: LHB Jeff Doss 0-0: Ball
Lorenzo Guzmán is caught stealing 3rd base
1-0: Foul Ball, location: 2F
1-1: Foul Ball, location: 2F
1-2: Ground out U3 (Groundball, 3)
Top of the 3rd over - 0 run(s), 1 hit(s), 1 error(s), 0 left on base; West Palm 1 - Memphis 1
BOTTOM OF THE 3RD
Memphis Blues batting - Pitching for West Palm Reds : RHP Manabu Mizuno
Batting: RHB Jorge Fuentes 0-0: Called Strike
0-1: Fly out, F9 (Flyball, 9M)
Batting: RHB Dave Wookey 0-0: SINGLE (Groundball, 56D)
Batting: RHB Michael Elliott 0-0: Called Strike
Dave Wookey is caught stealing 2nd base
0-1: Ball
1-1: Foul Ball, location: 2F
1-2: Ball
2-2: Ground out 4-3 (Groundball, 4)
Bottom of the 3rd over - 0 run(s), 1 hit(s), 0 error(s), 0 left on base; West Palm 1 - Memphis 1
TOP OF THE 4TH
West Palm Reds batting - Pitching for Memphis Blues : RHP Paul Lewis
Batting: LHB Enrique Cortéz 0-0: Foul Ball, location: 2F
0-1: SINGLE (Line Drive, 34D)
Batting: SHB Todd Smith 0-0: Swinging Strike
0-1: Foul Ball, location: 2F
0-2: Ball
1-2: Ball
2-2: Fly out, F8 (Line Drive, 8RD)
Batting: RHB Jack Ray 0-0: Foul Ball, location: 2F
0-1: Swinging Strike
0-2: Foul Ball, location: 2F
0-2: SINGLE (Groundball, 56)
Enrique Cortéz to second
Batting: RHB José Tamayo 0-0: Called Strike
0-1: Fly out, F9 (Flyball, 9M)
Batting: LHB Bill Smith 0-0: Swinging Strike
0-1: Foul Ball, location: 2F
0-2: Ball
1-2: Ball
2-2: Fly out, F2 (Popup, 2LF)
Top of the 4th over - 0 run(s), 2 hit(s), 0 error(s), 2 left on base; West Palm 1 - Memphis 1
BOTTOM OF THE 4TH
Memphis Blues batting - Pitching for West Palm Reds : RHP Manabu Mizuno
Batting: RHB Dave O'Neill 0-0: Ball
1-0: Swinging Strike
1-1: Ball
2-1: Foul Ball, location: 2F
2-2: Ball
3-2: Fly out, F8 (Popup, 4MD)
Batting: RHB Chase Mueller 0-0: SINGLE (Line Drive, 34)
Batting: RHB Sadao Kato 0-0: Called Strike
0-1: SINGLE (Groundball, 56)
Chase Mueller to second
Batting: RHB Raúl Perales 0-0: Called Strike
0-1: Swinging Strike
0-2: Strikes out swinging
Batting: RHB Glenn Johnson 0-0: Foul Ball, location: 2F
0-1: Ball
1-1: Ball
2-1: Ground out U3 (Groundball, 3)
Bottom of the 4th over - 0 run(s), 2 hit(s), 0 error(s), 2 left on base; West Palm 1 - Memphis 1
TOP OF THE 5TH
West Palm Reds batting - Pitching for Memphis Blues : RHP Paul Lewis
Batting: LHB Bob Martin 0-0: Called Strike
0-1: DOUBLE (Line Drive, 9LD)
Batting: RHB Alejandro Martínez 0-0: Ball
1-0: Ball
2-0: Swinging Strike
2-1: Foul Ball, location: 2F
2-2: SINGLE (Groundball, 56D)
Bob Martin to third
Runner from 3rd tries for Home, SAFE, throw made home
Batting: RHB Lorenzo Guzmán 0-0: Ball
1-0: Swinging Strike
1-1: Called Strike
1-2: Fielders Choice at 2nd, 3-6 (Groundball, 3)
Batting: LHB Jeff Doss 0-0: Fielders Choice at 2nd, 4-6 (Groundball, 34)
Batting: LHB Enrique Cortéz 0-0: Ball
1-0: Foul Ball, location: 2F
1-1: Ball
2-1: Foul Ball, location: 2F
2-2: Ball
3-2: SINGLE (Groundball, 34)
Jeff Doss to second
Jeff Doss to third
Batting: SHB Todd Smith 0-0: Ball
1-0: Called Strike
1-1: Ball
2-1: Called Strike
2-2: Strikes out swinging
Top of the 5th over - 1 run(s), 3 hit(s), 0 error(s), 2 left on base; West Palm 2 - Memphis 1
BOTTOM OF THE 5TH
Memphis Blues batting - Pitching for West Palm Reds : RHP Manabu Mizuno
Batting: RHB Dale O'Feennaghty 0-0: Called Strike
0-1: Fly out, F9 (Flyball, 9LM)
Batting: RHB Jorge Fuentes 0-0: Ball
1-0: Ball
2-0: Ball
3-0: Called Strike
3-1: Swinging Strike
3-2: Foul Ball, location: 2F
3-2: Ground out 4-3 (Groundball, 13)
Batting: RHB Dave Wookey 0-0: Called Strike
0-1: Ball
1-1: Ball
2-1: Foul Ball, location: 2F
2-2: Ball
3-2: Base on Balls
Batting: RHB Michael Elliott 0-0: Ball
1-0: Swinging Strike
1-1: Foul Ball, location: 2F
1-2: Ball
2-2: Ball
3-2: Strikes out swinging
Bottom of the 5th over - 0 run(s), 0 hit(s), 0 error(s), 1 left on base; West Palm 2 - Memphis 1
TOP OF THE 6TH
West Palm Reds batting - Pitching for Memphis Blues : RHP Paul Lewis
Batting: RHB Jack Ray 0-0: Ball
1-0: DOUBLE (Flyball, 89XD)
Batting: RHB José Tamayo 0-0: Called Strike
0-1: Ground out 5-3 (Groundball, 5S)
Jack Ray to third
Batting: LHB Bill Smith 0-0: Called Strike
0-1: Foul Ball, location: 2F
0-2: Ball
1-2: Fly out, F7 (Flyball, 78D)
Runner from 3rd tags up, SCORES, no throw
Batting: LHB Bob Martin 0-0: SINGLE (Groundball, 3D)
Batting: RHB Alejandro Martínez 0-0: Ball
1-0: Ball
2-0: Ball
3-0: Called Strike
3-1: Called Strike
3-2: Ground out 6-3 (Groundball, 6)
Top of the 6th over - 1 run(s), 2 hit(s), 0 error(s), 1 left on base; West Palm 3 - Memphis 1
BOTTOM OF THE 6TH
Memphis Blues batting - Pitching for West Palm Reds : RHP Manabu Mizuno
Batting: RHB Dave O'Neill 0-0: Ball
1-0: Foul Ball, location: 2F
1-1: Ball
2-1: Swinging Strike
2-2: Foul Ball, location: 2F
2-2: Foul Ball, location: 2F
2-2: Ball
3-2: Base on Balls
Batting: RHB Chase Mueller 0-0: Ball
1-0: Swinging Strike
1-1: Foul Ball, location: 2F
1-2: SINGLE (Line Drive, 4M)
Dave O'Neill to second
Batting: RHB Sadao Kato 0-0: Ball
1-0: Ball
2-0: Ball
3-0: Called Strike
3-1: Called Strike
3-2: Foul Ball, location: 2F
3-2: Strikes out looking
Pitching: LHP Francisco Nieto
Batting: RHB Raúl Perales 0-0: Ball
1-0: Foul Ball, location: 2F
1-1: Called Strike
1-2: Foul Ball, location: 2F
1-2: Strikes out swinging
Batting: RHB Glenn Johnson 0-0: Ball
1-0: Ball
2-0: Ball
3-0: Called Strike
3-1: Base on Balls
Dave O'Neill to third
Chase Mueller to second
Batting: RHB Dale O'Feennaghty 0-0: Called Strike
0-1: Ball
1-1: Ball
2-1: Swinging Strike
2-2: Ball
3-2: Ground out 6-3 (Groundball, 6M)
Bottom of the 6th over - 0 run(s), 1 hit(s), 0 error(s), 3 left on base; West Palm 3 - Memphis 1
TOP OF THE 7TH
West Palm Reds batting - Pitching for Memphis Blues : RHP Paul Lewis
Pitching: RHP David Bates
Batting: RHB Lorenzo Guzmán 0-0: Ball
1-0: Swinging Strike
1-1: Fly out, F3 (Popup, 3SF)
Batting: LHB Jeff Doss 0-0: Called Strike
0-1: Ball
1-1: Ball
2-1: Ball
3-1: Foul Ball, location: 2F
3-2: Ground out 4-3 (Groundball, 4M)
Batting: LHB Enrique Cortéz 0-0: Foul Ball, location: 2F
0-1: Ball
1-1: Ball
2-1: Ground out 3-1 (Groundball, 34)
Top of the 7th over - 0 run(s), 0 hit(s), 0 error(s), 0 left on base; West Palm 3 - Memphis 1
BOTTOM OF THE 7TH
Memphis Blues batting - Pitching for West Palm Reds : LHP Francisco Nieto
Batting: RHB Jorge Fuentes 0-0: Ball
1-0: Ball
2-0: Ball
3-0: Called Strike
3-1: SINGLE (Line Drive, 34D)
Batting: RHB Dave Wookey 0-0: Sac Bunt - play at first, batter OUT! 5-3
Jorge Fuentes to second
Batting: RHB Michael Elliott 0-0: Ball
1-0: Called Strike
1-1: Ball
2-1: Ball
3-1: SINGLE (Line Drive, 4M)
Jorge Fuentes to third
Runner from 3rd tries for Home, SAFE, no throw or cutoff
Pitching: RHP Carlos Gonzáles
Pinch Hitting: LHB Arturo Rivera 0-0: Ball
1-0: Ball
2-0: Called Strike
2-1: 2-RUN HOME RUN (Line Drive, 9LD), Distance : 368 ft
Batting: RHB Chase Mueller 0-0: SINGLE (Line Drive, 34)
Batting: RHB Sadao Kato 0-0: Swinging Strike
0-1: Ball
1-1: Foul Ball, location: 2F
1-2: Ball
Chase Mueller steals 2nd base
2-2: Strikes out swinging
Batting: RHB Raúl Perales 0-0: Fly out, F4 (Popup, 4S)
Bottom of the 7th over - 3 run(s), 4 hit(s), 0 error(s), 1 left on base; West Palm 3 - Memphis 4
TOP OF THE 8TH
West Palm Reds batting - Pitching for Memphis Blues : RHP David Bates
Now at SS: Brent Crawford
Now in CF: Arturo Rivera
Batting: SHB Todd Smith 0-0: Called Strike
0-1: Ground out 3-1 (Groundball, 34)
Batting: RHB Jack Ray 0-0: Ball
1-0: Foul Ball, location: 2F
1-1: Ball
2-1: Ground out U3 (Groundball, 3S)
Batting: RHB José Tamayo 0-0: SINGLE (Groundball, 15S) (infield hit)
Pinch Runner at 1st Jermaine Carter:
Batting: LHB Bill Smith 0-0: Ball
1-0: Foul Ball, location: 2F
1-1: Ball
2-1: Ball
3-1: Base on Balls
Jermaine Carter to second
Pinch Hitting: LHB Jeff McKinney 0-0: SINGLE (Groundball, 4MD)
Jermaine Carter to third
Bill Smith to second
Runner from 3rd tries for Home, SAFE, no throw or cutoff
Batting: RHB Alejandro Martínez 0-0: Called Strike
0-1: Ball
1-1: Fielders Choice at 2nd, 6-4 (Groundball, 6)
Top of the 8th over - 1 run(s), 2 hit(s), 0 error(s), 1 left on base; West Palm 4 - Memphis 4
BOTTOM OF THE 8TH
Memphis Blues batting - Pitching for West Palm Reds : RHP Carlos Gonzáles
Now at 1B: Félix García
Now at 3B: Ánibal Martínez
Pinch Hitting: RHB Bob Orr 0-0: Ball
1-0: Swinging Strike
1-1: Foul Ball, location: 2F
1-2: Strikes out swinging
Batting: RHB Dale O'Feennaghty 0-0: Ball
1-0: Ball
2-0: Ball
3-0: Called Strike
3-1: Fly out, F6 (Line Drive, 56)
Batting: RHB Jorge Fuentes 0-0: Called Strike
0-1: Fly out, F9 (Line Drive, 9M)
Bottom of the 8th over - 0 run(s), 0 hit(s), 0 error(s), 0 left on base; West Palm 4 - Memphis 4
TOP OF THE 9TH
West Palm Reds batting - Pitching for Memphis Blues : RHP David Bates
Pitching: RHP Randolph Weathersby
Now at SS: Bob Orr
Batting: RHB Lorenzo Guzmán 0-0: Ground out 4-3 (Groundball, 4M)
Batting: LHB Jeff Doss 0-0: Ball
1-0: Ball
2-0: Foul Ball, location: 2F
2-1: Ball
3-1: Called Strike
3-2: Foul Ball, location: 2F
3-2: Foul Ball, location: 2F
3-2: Base on Balls
Batting: LHB Enrique Cortéz 0-0: Ball
1-0: Called Strike
1-1: Swinging Strike
1-2: Strikes out swinging
Batting: SHB Todd Smith 0-0: Ball
1-0: Called Strike
1-1: Foul Ball, location: 2F
1-2: Ball
2-2: Ball
Jeff Doss steals 2nd base
3-2: Base on Balls
Batting: RHB Jack Ray 0-0: Ball
1-0: Called Strike
1-1: Foul Ball, location: 2F
1-2: DOUBLE (Groundball, 5L)
Jeff Doss scores
Todd Smith to third
Runner from 3rd tries for Home, throw and OUT!
Top of the 9th over - 1 run(s), 1 hit(s), 0 error(s), 1 left on base; West Palm 5 - Memphis 4
BOTTOM OF THE 9TH
Memphis Blues batting - Pitching for West Palm Reds : RHP Carlos Gonzáles
Pitching: LHP Juan Ortíz
Batting: RHB Dave Wookey 0-0: Ball
1-0: SINGLE (Line Drive, 7LS)
Batting: RHB Michael Elliott 0-0: Ball
1-0: Called Strike
1-1: Ball
2-1: Ball
Wild Pitch!
Dave Wookey to second
3-1: Base on Balls
Pinch Hitting: RHB Dale Taylor 0-0: Called Strike
0-1: Ball
1-1: SINGLE (Line Drive, 7S)
Dave Wookey to third
Michael Elliott to second
Runner from 3rd tries for Home, SAFE, no throw or cutoff
Pinch Hitting: RHB Jorge Comacho 0-0: Ball
1-0: Grounds into double play, 6-4-3 (Groundball, 6)
Michael Elliott to third
Batting: RHB Sadao Kato 0-0: Called Strike
0-1: Called Strike
0-2: Strikes out swinging
Bottom of the 9th over - 1 run(s), 2 hit(s), 0 error(s), 1 left on base; West Palm 5 - Memphis 5
TOP OF THE 10TH
West Palm Reds batting - Pitching for Memphis Blues : RHP Randolph Weathersby
Now at 3B: Jorge Comacho
Now in CF: Iván Jackson
Pinch Hitting: LHB Raúl Cordero 0-0: Ball
1-0: Ball
2-0: Ground out 4-3 (Groundball, 4M)
Batting: LHB Bill Smith 0-0: Ball
1-0: Ground out 1-3 (Groundball, 13)
Pinch Hitting: RHB Juan López 0-0: Ball
1-0: Ground out 1-3 (Groundball, 13)
Top of the 10th over - 0 run(s), 0 hit(s), 0 error(s), 0 left on base; West Palm 5 - Memphis 5
BOTTOM OF THE 10TH
Memphis Blues batting - Pitching for West Palm Reds : LHP Juan Ortíz
Now at 1B: Raúl Cordero
Now at 3B: Francis Shaffer
Batting: RHB Raúl Perales 0-0: DOUBLE (Flyball, 78XD)
Batting: RHB Bob Orr Balk!
Raúl Perales to third
0-0: Called Strike
0-1: Foul Ball, location: 2F
0-2: Ball
1-2: Ball
2-2: Strikes out swinging
Batting: RHB Dale O'Feennaghty 0-0: Intentional Walk
Batting: RHB Jorge Fuentes 0-0: Swinging Strike
0-1: Swinging Strike
0-2: Strikes out swinging
Batting: RHB Dave Wookey 0-0: Called Strike
0-1: Foul Ball, location: 2F
0-2: Ball
1-2: Strikes out swinging
Bottom of the 10th over - 0 run(s), 1 hit(s), 0 error(s), 2 left on base; West Palm 5 - Memphis 5
TOP OF THE 11TH
West Palm Reds batting - Pitching for Memphis Blues : RHP Randolph Weathersby
Pinch Hitting: RHB Juan Vareas 0-0: Ball
1-0: Ball
2-0: Ball
3-0: Called Strike
3-1: Base on Balls
Batting: RHB Lorenzo Guzmán 0-0: Ball
Juan Vareas steals 2nd base
1-0: Bunt missed!
1-1: Bunt missed!
1-2: Ball
2-2: Foul Ball, location: 2F
2-2: Strikes out swinging
Batting: LHB Jeff Doss 0-0: Called Strike
0-1: Called Strike
Juan Vareas is caught stealing 3rd base
0-2: Foul Ball, location: 2F
0-2: Ball
1-2: Ball
2-2: Ball
3-2: Ground out 6-3 (Groundball, 6M)
Top of the 11th over - 0 run(s), 0 hit(s), 0 error(s), 0 left on base; West Palm 5 - Memphis 5
BOTTOM OF THE 11TH
Memphis Blues batting - Pitching for West Palm Reds : LHP Juan Ortíz
Pitching: RHP Kei Hashimoto
Now at C: Alex Hayes
Batting: RHB Michael Elliott 0-0: Called Strike
0-1: Ball
1-1: Ground out 5-3 (Groundball, 56)
Pinch Hitting: LHB Guonçalle Calvelo 0-0: Ball
1-0: Ball
2-0: Ball
3-0: Called Strike
3-1: TRIPLE (Line Drive, 4MD)
Batting: RHB Jorge Comacho 0-0: Intentional Walk
Batting: RHB Sadao Kato 0-0: Fly out, F6 (Popup, 6D)
Batting: RHB Raúl Perales 0-0: Called Strike
0-1: Foul Ball, location: 2F
0-2: Foul Ball, location: 2F
0-2: Strikes out looking
Bottom of the 11th over - 0 run(s), 1 hit(s), 0 error(s), 2 left on base; West Palm 5 - Memphis 5
TOP OF THE 12TH
West Palm Reds batting - Pitching for Memphis Blues : RHP Randolph Weathersby
Now in LF: Guonçalle Calvelo
Batting: LHB Enrique Cortéz 0-0: Ball
1-0: Ball
2-0: Ball
3-0: Base on Balls
Batting: SHB Todd Smith 0-0: Called Strike
0-1: Ball
1-1: Ball
2-1: Foul Ball, location: 2F
2-2: Fly out, F9 (Flyball, 89M)
Pitching: RHP Lee Donahue
Batting: RHB Jack Ray 0-0: Called Strike
0-1: Grounds into double play, 4-6-3 (Groundball, 4)
Top of the 12th over - 0 run(s), 0 hit(s), 0 error(s), 0 left on base; West Palm 5 - Memphis 5
BOTTOM OF THE 12TH
Memphis Blues batting - Pitching for West Palm Reds : RHP Kei Hashimoto
Batting: RHB Bob Orr 0-0: Foul Ball, location: 2F
0-1: Ground out 3-1 (Groundball, 34)
Batting: RHB Dale O'Feennaghty 0-0: Foul Ball, location: 2F
0-1: Reached on error, E6 (Groundball, 6)
Batting: RHB Jorge Fuentes 0-0: Ball
1-0: Ball
2-0: SINGLE (Line Drive, 34)
Dale O'Feennaghty to second
Pinch Runner at 2nd Chris Carter:
Batting: RHB Dave Wookey 0-0: Grounds into double play, 6-4-3 (Groundball, 6)
Bottom of the 12th over - 0 run(s), 1 hit(s), 1 error(s), 1 left on base; West Palm 5 - Memphis 5
TOP OF THE 13TH
West Palm Reds batting - Pitching for Memphis Blues : RHP Lee Donahue
Now at C: Elliott Rucker
Batting: LHB Raúl Cordero 0-0: Fly out, F7 (Flyball, 7D)
Batting: LHB Bill Smith 0-0: Ball
1-0: Ball
2-0: SINGLE (Groundball, 2R) (infield hit)
Pinch Hitting: LHB Millard Dye 0-0: Swinging Strike
0-1: Fly out, F7 (Flyball, 7LSF)
Batting: SHB Alex Hayes 0-0: Ball
1-0: Ball
2-0: Ball
3-0: Called Strike
3-1: Base on Balls
Bill Smith to second
Batting: RHB Lorenzo Guzmán 0-0: Ball
1-0: Fielders Choice at 2nd, U6 (Groundball, 6M)
Top of the 13th over - 0 run(s), 1 hit(s), 0 error(s), 2 left on base; West Palm 5 - Memphis 5
BOTTOM OF THE 13TH
Memphis Blues batting - Pitching for West Palm Reds : RHP Kei Hashimoto
Pitching: RHP Dave Woods
Now at 3B: Alejandro Rodríguez
Batting: RHB Michael Elliott 0-0: Ball
1-0: Ball
2-0: Called Strike
2-1: Foul Ball, location: 2F
2-2: SINGLE (Groundball, 15) (infield hit)
Batting: LHB Guonçalle Calvelo 0-0: Called Strike
0-1: Swinging Strike
0-2: Ball
1-2: Strikes out swinging
Batting: RHB Jorge Comacho 0-0: Grounds into double play, 6-4-3 (Groundball, 6M)
Bottom of the 13th over - 0 run(s), 1 hit(s), 0 error(s), 0 left on base; West Palm 5 - Memphis 5
TOP OF THE 14TH
West Palm Reds batting - Pitching for Memphis Blues : RHP Lee Donahue
Batting: LHB Jeff Doss 0-0: Foul Ball, location: 2F
0-1: Ball
1-1: Ball
2-1: Fly out, F3 (Popup, 3SF)
Batting: LHB Enrique Cortéz 0-0: Called Strike
0-1: Ball
1-1: Swinging Strike
1-2: Ball
2-2: Hit by Pitch
Pinch Runner at 1st Ezechiele Bruno:
Batting: SHB Todd Smith 0-0: Foul Ball, location: 2F
0-1: Ball
1-1: Foul Ball, location: 2F
1-2: Foul Ball, location: 2F
1-2: Ball
2-2: Fly out, F7 (Flyball, 78S)
Batting: RHB Jack Ray 0-0: Ball
1-0: SINGLE (Line Drive, 4D)
Ezechiele Bruno to second
Batting: LHB Raúl Cordero 0-0: Ball
1-0: Called Strike
1-1: Called Strike
1-2: Foul Ball, location: 2F
1-2: Ball
2-2: Ball
3-2: DOUBLE (Line Drive, 78M)
Ezechiele Bruno scores
Jack Ray to third
Jack Ray scores
Batting: LHB Bill Smith 0-0: Ball
1-0: Ground out U3 (Groundball, 3)
Top of the 14th over - 2 run(s), 2 hit(s), 0 error(s), 1 left on base; West Palm 7 - Memphis 5
BOTTOM OF THE 14TH
Memphis Blues batting - Pitching for West Palm Reds : RHP Dave Woods
Now in RF: Ezechiele Bruno
Batting: RHB Sadao Kato 0-0: Foul Ball, location: 2F
0-1: Ball
1-1: Ball
2-1: Foul Ball, location: 2F
2-2: Ball
3-2: Foul Ball, location: 2F
3-2: SINGLE (Flyball, 89S)
Batting: RHB Raúl Perales 0-0: Ball
1-0: Ball
2-0: SINGLE (Line Drive, 89S)
Sadao Kato to second
Batting: RHB Bob Orr Balk!
Sadao Kato to third
Raúl Perales to second
0-0: Ball
1-0: Foul Ball, location: 2F
1-1: Swinging Strike
1-2: DOUBLE (Flyball, 89D)
Sadao Kato scores
Raúl Perales scores
Batting: RHB Elliott Rucker 0-0: Called Strike
0-1: Ground out 1-3 (Groundball, 15)
Batting: RHB Jorge Fuentes 0-0: Ball
1-0: Swinging Strike
1-1: Ground out 4-3 (Groundball, 4)
Bob Orr to third
Batting: RHB Dave Wookey 0-0: Fly out, F7 (Line Drive, 7D)
Bottom of the 14th over - 2 run(s), 3 hit(s), 0 error(s), 1 left on base; West Palm 7 - Memphis 7
TOP OF THE 15TH
West Palm Reds batting - Pitching for Memphis Blues : RHP Lee Donahue
Batting: RHB Alejandro Rodríguez 0-0: Ball
1-0: Ball
2-0: Foul Ball, location: 2F
2-1: Ball
3-1: Base on Balls
Batting: SHB Alex Hayes 0-0: Bunt missed!
0-1: Sac Bunt - play at second, runner OUT! 1-6
Batting: RHB Lorenzo Guzmán 0-0: Ball
1-0: Ball
2-0: Ball
3-0: Base on Balls
Alex Hayes to second
Batting: LHB Jeff Doss 0-0: 3-RUN HOME RUN (Flyball, 89XD), Distance : 434 ft
Pitching: RHP Jack Taylor
Batting: LHB Ezechiele Bruno 0-0: Ball
1-0: Foul Ball, location: 2F
1-1: Swinging Strike
1-2: Strikes out swinging
Batting: SHB Todd Smith 0-0: Foul Ball, location: 2F
0-1: Foul Ball, location: 2F
0-2: Ball
1-2: SOLO HOME RUN (Flyball, 89XD) (Inside the Park)
Batting: RHB Jack Ray 0-0: Called Strike
0-1: Ball
1-1: Foul Ball, location: 2F
1-2: Foul Ball, location: 2F
1-2: Ball
2-2: Ball
3-2: Base on Balls
Batting: LHB Raúl Cordero 0-0: Called Strike
0-1: Ball
1-1: Called Strike
1-2: Strikes out swinging
Top of the 15th over - 4 run(s), 2 hit(s), 0 error(s), 1 left on base; West Palm 11 - Memphis 7
BOTTOM OF THE 15TH
Memphis Blues batting - Pitching for West Palm Reds : RHP Dave Woods
Batting: RHB Michael Elliott 0-0: Ball
1-0: Called Strike
1-1: Foul Ball, location: 2F
1-2: SINGLE (Groundball, 56D)
Batting: LHB Guonçalle Calvelo 0-0: Ball
1-0: Fly out, F7 (Flyball, 7M)
Batting: RHB Jorge Comacho 0-0: Ball
1-0: SINGLE (Groundball, 6D)
Michael Elliott to second
Batting: RHB Sadao Kato 0-0: Called Strike
0-1: Ball
1-1: Ball
2-1: Foul Ball, location: 2F
2-2: Ball
3-2: Strikes out swinging
Jorge Comacho steals 2nd base
Batter strikes out.
Michael Elliott to third
Batting: RHB Raúl Perales 0-0: Ball
1-0: Swinging Strike
1-1: Ball
2-1: Ground out 5-3 (Groundball, 5L)
Bottom of the 15th over - 0 run(s), 2 hit(s), 0 error(s), 2 left on base; West Palm 11 - Memphis 7
This league is powered by Out of the Park Baseball, the baseball management simulation game for PC, Mac and Linux
Wednesday, December 2nd, 2015 - OOTP Baseball 16.8 Build 38